 Dungeon Crawl Stone Soup version bcrawl-1.28 (webtiles) character file.

Game seed: 18235839508192030614

308931 LostNumber the Nimble (level 10, 0/68 HPs)
             Began as a Fairy Fighter on Nov 27, 2020.
             Was a Believer of Ru.
             Slain by a hog (9 damage)
             ... on level 7 of the Dungeon on Nov 29, 2020.
             The game lasted 00:14:02 (6733 turns).

LostNumber the Nimble (Fairy Fighter)               Turns: 6733, Time: 00:14:03

Health: 0/68       AC: 10    Str: 14    XL:     10   Next: 9%
Magic:  12/12      EV: 18    Int: 12    God:    Ru [**....]
Gold:   454        SH: 17    Dex: 15    Spells: 9/9 levels left

rFire    . . .     SeeInvis .   a - +0 rapier
rCold    . . .     Gourm    +   b - +0 medium shield
rNeg     . . .     Faith    .   (armour unavailable)
rPois    .         Spirit   .   (no helmet)
rElec    .         Reflect  .   (no cloak)
rCorr    .         Harm     .   (no gloves)
MR       +....                  (no boots)
Stlth    ..........             p - amulet of the gourmand
HPRegen  0.21/turn              t - +4 ring of protection
MPRegen  0.13/turn              E - ring "Vaumoo" {+Fly Slay+2} (curse)

@: flying evasively
A: small, magic attunement, unstealthy, unfitting armour, unskilled 1, able to
fly, AC/SH +6
a: Stop Flying, Renounce Religion


You were on level 7 of the Dungeon.
You worshipped Ru.
Ru was pleased with you.
You were very hungry.

You visited 1 branch of the dungeon, and saw 7 of its levels.
You also visited: Sewer.

You collected 484 gold pieces.
You spent 30 gold pieces at shops.

Inventory:

Hand Weapons
 a - a +0 rapier (weapon)
 s - a +2 dagger of flaming
   (You took it off an orc wizard on level 3 of the Dungeon)
 x - a +0 falchion
   (You took it off an orc on level 7 of the Dungeon)
Missiles
 m - a throwing net {=f!f}
Armour
 b - a +0 medium shield (worn)
Jewellery
 p - an amulet of the gourmand (around neck)
   (You found it on level 2 of the Dungeon)
 t - a +4 ring of protection (left hand)
   (You found it on level 3 of the Dungeon)
 v - an uncursed ring of resist corrosion
   (You took it off a gnoll on level 3 of the Dungeon)
 C - an uncursed ring of ice
   (You found it on level 7 of the Dungeon)
 D - a +2 ring of evasion
   (You found it on level 7 of the Dungeon)
 E - the cursed ring "Vaumoo" (right hand) {+Fly Slay+2}
   (You found it on level 7 of the Dungeon)

   [ring of flight]

   It affects your accuracy and damage with ranged weapons and melee attacks
   (+2).
   It lets you fly.
   It has a curse placed upon it.
Wands
 c - a wand of disintegration (12)
   (You took it off Terence on level 3 of the Dungeon)
 F - a wand of scattershot (7)
   (You found it on level 7 of the Dungeon)
Scrolls
 f - 13 scrolls of identify {@r1}
 g - a scroll of blinking
 i - a scroll of immolation {!r}
 j - 5 scrolls of remove curse {@r2}
 k - a scroll of fog
 n - 3 scrolls of teleportation {@r4}
 y - a scroll of fear {unknown}
 B - 2 scrolls of magic mapping {unknown}
Potions
 d - 4 potions of heal wounds {unknown}
 h - 8 potions of curing {@q1}
 l - a potion of degeneration {unknown}
 o - 2 potions of resistance {unknown}
 q - a potion of cancellation {unknown}
 r - 3 potions of mutation {unknown}
 u - 3 potions of might
 z - a potion of brilliance {unknown}
 A - a potion of haste {unknown}
Comestibles
 e - 17 rations {!d!d}
 w - 3 chunks of flesh


   Skills:
 + Level 6.1 Fighting
 - Level 4.7(6.0) Short Blades
 * Level 4.6(5.3) Long Blades
 + Level 8.9 Dodging
 + Level 8.1 Shields


You had 9 spell levels left.
You didn't know any spells.
Your spell library contained the following spells:

 Spells                   Type           Power        Failure   Level  Hunger
 Call Canine Familiar     Summ           #.......     100%        3    None
 Summon Ice Beast         Ice/Summ       #.......     100%        4    None
 Summon Mana Viper        Hex/Summ       #.......     100%        5    None
 Summon Hydra             Summ           #.........   100%        6    None
 Monstrous Menagerie      Summ           #.........   100%        7    None


Dungeon Overview and Level Annotations

Branches:
Dungeon (7/12)             Temple (0/1) D:6
   Lair: D:7-9

Altars:
Cheibriados
Dithmenos
Fedhas
Gozag
Kikubaaqudgha
Lugonu
Nemelex Xobeh
Ru

Shops:
D:5 !   D:6 (*:

Annotations:
D:3 Grinder


Innate Abilities, Weirdness & Mutations

Your spells do not cause hunger and MP costs are reduced by 1.
Your bright wings attract enemies. (Stealth-)
You cannot fit into any form of body armour.
Your shimmering scales are hard and can block incoming attacks. (AC +6, SH +6)
You are small and have problems with some larger weapons.
You are somewhat unskilled. (-1 Apt)
You can fly continuously.


Message History

You puncture the hog!
You kill the hog!
Your Fighting skill increases to level 6!
You have reached level 10!
Okay, then.
You closely miss the hog. The hog bites you but does no damage.
You hit the hog but do no damage. You block the hog's attack.
You puncture the hog! The hog bites you. x2
You hit the hog. You block the hog's attack.
The hog is stunned by your will and fails to attack.
You puncture the hog! The hog misses you.
You closely miss the hog. You block the hog's attack.
You hit the hog. The hog misses you.
You puncture the hog! You block the hog's attack. x2
You closely miss the hog. The hog bites you!
* * * LOW HITPOINT WARNING * * *
You hit the hog but do no damage. The hog closely misses you.
You block the hog's attack.
You hit the hog.
You kill the hog!
Your Shields skill increases to level 8!
You hit the human. You block the human's attack.
You hit the human. The human hits you with a +0 hand axe.
* * * LOW HITPOINT WARNING * * *
You puncture the human! The human completely misses you.
You barely miss the human. The human hits you but does no damage.
You closely miss the human. The human closely misses you.
You closely miss the human. You block the human's attack.
You barely miss the human. The human hits you with a +0 hand axe.
* * * LOW HITPOINT WARNING * * *
You puncture the human! You block the human's attack.
You hit the human. You block the human's attack.
You are feeling very hungry.
You hit the human but do no damage. You block the human's attack.
You hit the human. You block the human's attack.
You hit the human.
You kill the human!
You block the hog's attack.
You hit the hog. The hog bites you but does no damage.
You closely miss the hog. You block the hog's attack.
The hog closely misses you.
You puncture the hog! You block the hog's attack.
You puncture the hog! You block the hog's attack.
You puncture the hog! The hog bites you!
* * * LOW HITPOINT WARNING * * *
The hog bites you.
* * * LOW HITPOINT WARNING * * *
Some of the chunks of flesh in your inventory have rotted away.
You barely miss the hog. The hog bites you!
You die...

... ############.# #%%#..#......#
#%.#h.#####..#
#############..'h.#<..#..#
.........#..#..#h.#.###..#
.........#.##..#..#......#
.....)...#.##'#########.#########
.....).........h@................
.....)...#.##.###.....###.#####.#
........>..........##.# #.# #.#
.........#########.##.# #.# #.#
.........# #..#.###.#####.#
###################.#...........#
#..........####(#######
#######.#######..## #.###
#....##.# #...# #...#


You could see a hog.

Vanquished Creatures
  3 hogs (D:7)
  A human (D:7)
  A crocodile (D:7)
  2 hornet zombies
  Purgy (Sewer)
  2 ice beasts
  4 sky beasts
  2 orc warriors
  An eye of draining (D:7)
  An ogre (D:4)
  3 phantoms
  A centaur (D:7)
  A bullfrog (D:5)
  3 scorpions
  A howler monkey (D:6)
  3 crimson imps
  A bullfrog zombie (D:7)
  A quasit (D:7)
  4 hounds
  3 orc priests
  5 orc wizards
  Terence (D:3)
  3 iguanas
  4 worker ants
  A howler monkey zombie (D:6)
  A mummy (D:6)
  A hound skeleton (D:7)
  2 worker ant zombies
  5 gnolls
  14 adders
  3 river rats (D:6)
  4 shadow imps
  3 adder skeletons
  5 worms
  4 dart slugs
  4 leopard geckos
  19 orcs
  3 ball pythons (Sewer)
  A bat (D:1)
  A giant cockroach (D:2)
  5 goblins
  7 hobgoblins
  11 jackals
  2 quokkas
  10 frilled lizards
  6 kobolds
  6 rats
170 creatures vanquished.

Notes
Turn   | Place    | Note
-------+----------+-------------------------------------------
     0 | D:1      | LostNumber the Fairy Fighter began the quest for the Orb.
     0 | D:1      | Reached XP level 1. HP: 15/15 MP: 3/3
    42 | D:1      | Reached XP level 2. HP: 12/20 MP: 4/4
   635 | D:2      | Reached XP level 3. HP: 13/25 MP: 5/5
   869 | D:2      | Found a snail-covered altar of Cheibriados.
  1448 | D:2      | Found an ancient bone altar of Kikubaaqudgha.
  1449 | D:2      | Found a corrupted altar of Lugonu.
  1586 | D:2      | Reached XP level 4. HP: 10/31 MP: 6/6
  1777 | D:2      | Reached skill level 5 in Dodging
  1826 | D:3      | Reached XP level 5. HP: 25/36 MP: 7/7
  2012 | D:3      | Reached XP level 6. HP: 22/43 MP: 8/8
  2146 | D:3      | Reached skill level 5 in Shields
  2199 | D:3      | Found a sparkling altar of Nemelex Xobeh.
  2210 | D:3      | Noticed Terence
  2319 | D:4      | Noticed a sky beast
  2516 | D:4      | Reached XP level 7. HP: 48/48 MP: 9/9
  3248 | D:4      | Found a sacrificial altar of Ru.
  3511 | D:3      | Killed Terence
  3556 | D:3      | Noticed Grinder
  3723 | D:5      | Entered Level 5 of the Dungeon
  3737 | D:5      | Reached XP level 8. HP: 52/54 MP: 10/10
  3752 | D:5      | Found a blossoming altar of Fedhas.
  3829 | D:5      | Found Foujim's Distillery.
  3868 | D:5      | Bought a potion of curing for 30 gold pieces
  4028 | D:5      | Reached skill level 5 in Fighting
  4028 | D:5      | Reached skill level 5 in Short Blades
  4407 | D:4      | Became a worshipper of Ru the Awakened
  4452 | D:6      | Found Enagoc's Antique Weapon Shop.
  4459 | D:6      | Found a sparkling altar of Nemelex Xobeh.
  4483 | D:6      | Found Nizez's Book Shoppe.
  4585 | D:6      | Reached skill level 1 in Long Blades
  4879 | D:6      | Found a glowing drain.
  4885 | D:6      | Reached XP level 9. HP: 43/61 MP: 11/11
  4896 | Sewer    | Entered a sewer
  4998 | Sewer    | Noticed Purgy
  5015 | Sewer    | Killed Purgy
  5252 | D:6      | Found a staircase to the Ecumenical Temple.
  5262 | D:6      | Found Kaasar's General Store.
  5294 | D:6      | Found an opulent altar of Gozag.
  5664 | D:6      | Found a shadowy altar of Dithmenos.
  6055 | D:7      | Gained mutation: You are somewhat unskilled. (-1 Apt) [Ru
                  | sacrifice]
  6055 | D:7      | Reduced skill Fighting to level 5
  6055 | D:7      | Reached * piety under Ru
  6055 | D:7      | Reached ** piety under Ru
  6202 | D:7      | Got a glittering jade ring
  6204 | D:7      | Identified the cursed ring "Vaumoo" {+Fly Slay+2} (You
                  | found it on level 7 of the Dungeon)
  6704 | D:7      | Reached XP level 10. HP: 40/68 MP: 12/12
  6733 | D:7      | Slain by a hog

Skill      XL: |  1  2  3  4  5  6  7  8  9 10 |
---------------+-------------------------------+-----
Shields        | 4 5 6 7 7 8 |  8.1
Fighting       | 3 4 5 6 |  6.1
Dodging        | 5 6 7 8 8 |  8.9
Short Blades   | 3 4 5 4 |  4.7
Long Blades    | 2 4 |  4.6

Action                   |  1- 3 |  4- 6 |  7- 9 | 10-12 || total
-------------------------+-------+-------+-------+-------++-------
Melee: Rapier            |   145 |   115 |   808 |    29 ||  1097
Invok: Sacrifice Skill   |       |       |     1 |       ||     1
 Abil: Fly               |       |       |     1 |       ||     1
       Stop Flying       |       |       |     1 |       ||     1
  Use: Potion            |       |       |     3 |       ||     3
       Scroll            |       |       |     6 |       ||     6
  Eat: Chunk             |     4 |     9 |    29 |       ||    42
       Ration            |     1 |       |     1 |       ||     2
Armor: Skin              |    14 |    12 |   105 |     3 ||   134
Dodge: Dodged            |    50 |    44 |   247 |     6 ||   347
Block: Medium shield     |   105 |    95 |   601 |    16 ||   817
